Map: World of Sleepers LE

Players

Elazer - Winner!

  • Race: Zerg Zerg
  • Spawn Location: 1:00

Neeb

  • Race: Protoss Protoss
  • Spawn Location: 7:00

Event: 2019 WCS Global FInals

VOD

Have the link to the VOD?

Description

Time

  • Played on: Oct. 27, 2019, 2:49 a.m.
  • Length: 9:27

All games in this series

Show
View Real Time Build Order
Export as new Build Order

Elazer Zerg - Winner!

Build Orders: Hatch First 

Get SALT Encoding   

  12  0:00  Drone  
  13  0:12  Overlord  
  13  0:17  Drone  
  14  0:30  Drone x2  
  16  0:49  Hatchery  
  15  0:52  Drone  
  15  0:56  Drone  
  17  0:59  Drone  
  18  1:10  Extractor  
  17  1:14  Spawning Pool  
  17  1:18  Drone  
  17  1:21  Drone  
  18  1:28  Drone  
  19  1:39  Drone  
  20  1:49  Overlord  
  20  2:01  Zergling x4, Queen  
  20  2:02  Queen  
  26  2:13  Drone, Zergling x2  
  28  2:16  Metabolic Boost  
  28  2:24  Drone x2  
  30  2:32  Drone  
  30  2:34  Drone  
  32  2:40  Queen  
  34  2:50  Hatchery  
  33  2:57  Overlord  
  33  2:58  Drone  
  34  3:00  Drone  
  34  3:03  Drone  
  35  3:07  Drone  
  35  3:10  Overlord  
  35  3:15  Overlord  
  35  3:18  Drone  
  35  3:24  Zergling x2  
  35  3:25  Drone x2  
  38  3:28  Drone  
  39  3:34  Queen  
  39  3:35  Drone  
  39  3:38  Spore Crawler  
  41  3:41  Spore Crawler  
  41  3:44  Drone  
  41  3:47  Drone x2  
  43  3:49  Drone  
  43  3:51  Drone  
  43  3:53  Unknown  
  43  3:54  Drone  
  45  3:56  Drone  
  45  4:02  Drone  
  47  4:05  Spore Crawler  
  47  4:06  Spore Crawler  
  47  4:08  Evolution Chamber  
  44  4:12  Overlord  
  44  4:16  Roach Warren  
  46  4:17  Queen  
  46  4:19  Drone  
  46  4:20  Spore Crawler  
  46  4:23  Drone x2  
  50  4:25  Drone  
  50  4:27  Drone  
  50  4:28  Drone  
  53  4:32  Overlord  
  53  4:36  Zergling x4  
  53  4:38  Zergling x2  
  56  4:41  Overlord  
  56  4:44  Overlord  
  56  4:49  Overlord  
  56  4:54  Spore Crawler, Extractor  
  56  4:55  Spore Crawler  
  56  4:57  Roach x2  
  60  5:02  Roach  
  60  5:03  Roach x2  
  66  5:08  Roach x3  
  66  5:10  Roach  
  66  5:13  Overlord  
  74  5:16  Roach  
  74  5:18  Overlord  
  74  5:20  Roach  
  77  5:25  Roach  
  77  5:26  Roach  
  82  5:28  Roach  
  82  5:31  Roach  
  82  5:33  Zergling x4  
  84  5:35  Zergling x2  
  84  5:36  Zergling x2  
  84  5:42  Zergling x8  
  88  5:45  Zergling x2  
  88  5:46  Zergling x2  
  87  5:52  Zergling x2  
  87  5:53  Zergling x6  
  87  5:56  Ravager x4  
  94  5:57  Ravager  
  94  5:58  Ravager  
  94  6:03  Zergling x4  
  98  6:05  Zergling x4  
  98  6:07  Ravager  
  98  6:08  Zergling x2  
  98  6:10  Ravager x2  
  98  6:11  Ravager  
  105  6:15  Zergling x4  
  107  6:23  Zergling x4  
  109  6:29  Ravager x2  
  111  6:33  Zergling x6  
  111  6:39  Ravager  
  109  6:45  Roach x2  
  95  6:58  Roach x4  
  95  6:59  Zergling x6  
  98  7:08  Zergling x2  
  98  7:13  Zergling x2  
  98  7:14  Zergling x2, Queen x2  
  90  7:24  Zergling x6  
  90  7:35  Zergling x6  
  91  7:38  Queen  
  91  7:42  Zergling x6  
  85  7:52  Roach x2  
  85  7:57  Ravager  
  85  7:58  Ravager x4, Zergling x2  
  89  8:02  Zergling x2  
  89  8:03  Queen x2  
  89  8:04  Overlord  
  91  8:11  Zergling x4  
  91  8:14  Queen  
  91  8:19  Roach x2  
  97  8:22  Roach  
  93  8:29  Roach  
  93  8:30  Roach x4  
  99  8:37  Zergling x2  
  99  8:38  Zergling x4  
  99  8:40  Roach  
  94  8:47  Roach x3  
  99  8:54  Zergling x8  
  100  8:57  Ravager  
  100  8:59  Ravager  
  102  9:04  Zergling x6  
  102  9:06  Ravager x2  
Show
View Real Time Build Order
Export as new Build Order

Neeb Protoss 

Build Orders: 1 Gate Expand, Oracle Opening, Phoenix Opening, Zealot Archon, Archon Drop 

Get SALT Encoding   

  12  0:00  Probe  
  13  0:12  Probe  
  14  0:21  Pylon  
  14  0:24  Probe  
  15  0:39  Probe (Chrono Boost)  
  15  0:40  Gateway  
  16  0:47  Probe (Chrono Boost)  
  17  0:52  Assimilator  
  17  0:53  Probe  
  18  1:05  Probe  
  19  1:18  Probe  
  20  1:26  Nexus  
  20  1:35  Cybernetics Core  
  20  1:37  Probe  
  21  1:42  Assimilator  
  21  1:49  Probe  
  21  1:52  Pylon  
  22  2:01  Probe (Chrono Boost)  
  23  2:10  Adept (Chrono Boost)  
  23  2:12  Probe (Chrono Boost)  
  26  2:17  Probe (Chrono Boost)  
  26  2:21  Stargate  
  27  2:28  Probe  
  28  2:31  Adept (Chrono Boost)  
  28  2:35  Warp Gate  
  30  2:38  Probe  
  30  2:40  Probe  
  32  2:50  Probe  
  33  2:52  Probe, Adept  
  36  3:02  Probe  
  36  3:04  Probe  
  38  3:06  Oracle (Chrono Boost)  
  41  3:14  Pylon, Probe  
  41  3:16  Probe  
  43  3:23  Assimilator  
  43  3:25  Assimilator  
  43  3:26  Probe  
  44  3:28  Gateway, Probe  
  45  3:36  Phoenix  
  45  3:38  Probe  
  45  3:40  Probe  
  49  3:46  Pylon  
  49  3:50  Probe  
  49  3:52  Robotics Facility, Probe  
  51  3:59  Twilight Council  
  51  4:03  Probe  
  51  4:05  Probe  
  53  4:14  Gateway  
  53  4:15  Probe  
  53  4:16  Gateway  
  54  4:17  Probe  
  55  4:24  Pylon  
  55  4:36  Warp Prism (Chrono Boost)  
  55  4:37  Templar Archives  
  55  4:44  Gateway, Charge (Chrono Boost)  
  55  4:45  Gateway  
  57  4:56  Zealot  
  57  4:57  Zealot  
  61  5:02  Pylon  
  61  5:17  Pylon, High Templar x3  
  67  5:21  Archon  
  67  5:22  High Templar  
  67  5:26  Archon  
  69  5:29  Immortal (Chrono Boost)  
  73  5:37  Nexus  
  73  5:41  Shield Battery  
  73  5:42  Shield Battery  
  73  5:44  Shield Battery  
  73  5:46  Pylon  
  73  5:47  Stalker, Sentry  
  75  5:52  Shield Battery  
  75  5:54  Shield Battery  
  75  5:55  Pylon  
  73  5:59  Immortal (Chrono Boost)  
  77  6:07  Zealot x2, Sentry  
  77  6:08  Zealot  
  85  6:20  Cybernetics Core  
  85  6:21  Stalker  
  85  6:22  Sentry  
  85  6:25  Pylon  
  89  6:28  Gateway  
  89  6:30  Pylon  
  85  6:40  Zealot x2  
  87  6:48  Zealot x3  
  89  6:54  Immortal (Chrono Boost)  
  84  7:03  Shield Battery  
  84  7:04  Stalker  
  84  7:05  Shield Battery  
  74  7:10  Zealot x2  
  74  7:14  Zealot  
  54  7:24  Zealot  
  49  7:34  Stalker, Zealot x2  
  52  7:38  Zealot  
  50  7:45  Zealot  
  50  7:56  Zealot x2  
  50  7:58  High Templar x2  
  52  8:03  Archon  
  52  8:04  Zealot  
  54  8:13  Zealot  
  54  8:18  High Templar  
  58  8:20  High Templar  
  58  8:24  Archon  
  58  8:27  Zealot x2  
  54  8:40  Zealot  
  48  8:46  Zealot  
  48  8:47  Zealot  
  50  8:52  Zealot x2  
  42  9:02  Sentry  
  42  9:05  Sentry  
  42  9:07  Sentry  
  45  9:17  Zealot x2  
Tags
 
Add a new tag
Caveats
  • Supply blocks, unpowered buildings, or Contaminate may cause inaccurate times.
  • Supply counts are checked every 10 seconds.